AoeStats
← TAFKAP

Arabia

510626565Analyzed
1v1 RM · 2d ago on Oct 1, 2026· 51m 26s· 2 players
Game mode
Random Map
Map size
Tiny (2 player)
Population
200
Speed
Normal
Resources
Standard
Victory
Conquest
Starting age
Dark Age
Ending age
Imperial Age
RankedLock teamsTeams togetherTeam positionsShared explorationLock speedFull tech treeHidden civsTurbo modeCheats
Victory
Defeat
🇨🇴 Portuguese · Colombia
857
+16
🇩🇪 Huns · Germany
855
-16
TAFKAP
6:40 Loom
9:24 Feudal Age
12:41 Forging
14:01 Double-Bit Axe
24:51 Castle Age
22:48 Gold Mining
22:56 Fletching
25:51 Thumb Ring
28:14 Stone Mining
30:46 Wheelbarrow
36:31 Gold Shaft Mining
36:59 Horse Collar
42:11 Bloodlines
42:04 Husbandry
44:59 Imperial Age
42:39 Scale Barding Armor
43:37 Murder Holes
46:01 Iron Casting
45:46 Chain Barding Armor
45:23 Cavalier
47:23 Ballistics
alejoagon
10:45 Feudal Age
11:34 Man-at-Arms
25:03 Castle Age
24:40 Forging
24:32 Scale Mail Armor
24:41 Double-Bit Axe
25:57 Pikeman
28:10 Fletching
41:20 Imperial Age
40:25 Wheelbarrow
40:59 Iron Casting
40:30 Scale Barding Armor
43:10 Blast Furnace
42:30 Chain Barding Armor
42:33 Bow Saw
42:06 Horse Collar
42:17 Town Watch
42:23 Loom
42:16 Cavalier
43:34 Ballistics
46:29 Plate Barding Armor
46:24 Hand Cart
47:43 Two-Man Saw
51:18 Bodkin Arrow
Connection lost

Rejoining the realm…

Still unreachable

The connection could not be restored.

Session expired

The server has moved on; the page needs a fresh start.